 Dungeon Crawl Stone Soup version 0.26.0-10-g1f06aea511 (webtiles) character file.

Game seed: 10487964709003667450

10496 Borgoz the Carver (level 11, 0/94 HPs)
             Began as a Ghoul Gladiator on Jan 31, 2021.
             Was an Elder of Dithmenos.
             Slain by a boulder beetle (20 damage)
             ... on level 11 of the Dungeon.
             The game lasted 00:20:53 (11793 turns).

Borgoz the Carver (Ghoul Gladiator)                Turns: 11793, Time: 00:20:54

Health: 0/94       AC: 14    Str: 19    XL:     11   Next: 63%
Magic:  10/10      EV: 16    Int: 10    God:    Dithmenos [****..]
Gold:   733        SH:  0    Dex: 17    Spells: 10/10 levels left

rFire    . . .     SeeInvis .   a - +1 scimitar
rCold    + . .     Faith    .   (no shield)
rNeg     + + +     Spirit   .   F - +0 ring mail "Sogo" {*Contam rElec Int+7}
rPois    ∞         Reflect  .   c - +0 helmet
rElec    +         Harm     .   h - +0 cloak
rCorr    .         Rampage  .   (no gloves)
Will     +....                  (no boots)
Stlth    +++.......             d - amulet of regeneration
HPRegen  0.00/turn              E - +4 ring of protection
MPRegen  0.12/turn              y - ring of Peuceott {rN+ Will+ Dex+4 Stlth+}

@: wreathed by umbra
A: claws 1, cold resistance 1, negative energy resistance 3, inhibited
regeneration, torment resistance, unbreathing
a: Renounce Religion, Shadow Step


You were on level 11 of the Dungeon.
You worshipped Dithmenos.
Dithmenos was greatly pleased with you.
You visited 2 branches of the dungeon, and saw 12 of its levels.

You collected 733 gold pieces.

Inventory:

Hand Weapons
 a - a +1 scimitar (weapon)
 b - a +0 long sword of flaming
 A - a +0 great sword
Armour
 c - a +0 helmet (worn)
 h - a +0 cloak (worn)
 F - the +0 ring mail "Sogo" (worn) {*Contam rElec Int+7}
   (You found it on level 10 of the Dungeon)

   It affects your intelligence (+7).
   It insulates you from electricity.
   It causes magical contamination when unequipped.
Jewellery
 d - an amulet of regeneration (around neck)
 e - an uncursed ring of resist corrosion
 j - an uncursed amulet of faith
 y - the ring of Peuceott (right claw) {rN+ Will+ Dex+4 Stlth+}
   (You found it on level 9 of the Dungeon)

   [ring of willpower]

   It affects your dexterity (+4).
   It protects you from negative energy.
   It affects your willpower, your defense against some magical effects.
   It makes you more stealthy.
 E - a +4 ring of protection (left claw)
Wands
 l - a wand of paralysis (1)
 s - a wand of digging (17)
 w - a wand of flame (20)
Scrolls
 i - 2 scrolls of magic mapping
 p - a scroll of fog
 q - 3 scrolls of teleportation
 t - 2 scrolls of remove curse
 z - 4 scrolls of blinking
Potions
 f - a potion of flight
 g - a potion of haste
 k - 2 potions of might
 m - 2 potions of cancellation


   Skills:
 + Level 8.3 Fighting
 * Level 9.9 Long Blades
 - Level 1.7 Throwing
 * Level 9.5 Armour
 * Level 7.6 Dodging


You had 10 spell levels left.
You didn't know any spells.
Your spell library was empty.

Dungeon Overview and Level Annotations

Branches:
Dungeon (11/15)            Temple (1/1) D:5            Lair (0/6) D:8
    Orc (0/2) D:9

Altars:
Ashenzari
Cheibriados
Dithmenos
Elyvilon
Fedhas
Gozag
Hepliaklqana
Kikubaaqudgha
Makhleb
Nemelex Xobeh
Okawaru
Qazlal
Ru
Sif Muna
Trog
Uskayaw
Vehumet
Wu Jian
Xom
Yredelemnul
Zin
The Shining One

Annotations:
D:7 exclusion: ice statue
D:8 exclusion: 2 oklob saplings
D:10 2 transporters, exclusion: ice statue, urnamphora's ghost, journeyman DsNe


Innate Abilities, Weirdness & Mutations

You thrive by killing the living.
You are immune to poison.
You have sharp fingernails.
Your flesh is cold resistant. (rC+)
You are immune to negative energy. (rN+++)
You do not regenerate when monsters are visible.
You are immune to unholy pain and torment.
You can survive without breathing.


Message History

Evoke which item? (* to show all) (? for menu, Esc to quit)
Aiming: Paralyse
Press: ? - help, Shift-Dir - straight line, f - boulder beetle
Aim: a boulder beetle (lightly wounded, umbra, chance to affect: 28%)
The boulder beetle easily resists.
The boulder beetle barely misses you.
You riposte.
You hit the boulder beetle but do no damage.
The boulder beetle is lightly wounded.
Evoke which item? (* to show all) (? for menu, Esc to quit)
Aiming: Paralyse
Press: ? - help, Shift-Dir - straight line, f/p - boulder beetle
Aim: a boulder beetle (lightly wounded, umbra, chance to affect: 28%)
The boulder beetle easily resists.
The boulder beetle bites you!
* * * LOW HITPOINT WARNING * * *
Evoke which item? (* to show all) (? for menu, Esc to quit)
Aiming: Paralyse
Press: ? - help, Shift-Dir - straight line, f/p - boulder beetle
Aim: a boulder beetle (lightly wounded, umbra, chance to affect: 28%)
The boulder beetle easily resists.
The boulder beetle bites you!!
You die...

......# #..........
.(....# #........#
......# #........#
†.....#######........#
.....................###
........................
........................
........................
##.#####........@.......
.. #.........B...... .#
#................ ..
#................
#..#####......#### ..
#......# #......#
#......# #......#


You could see a boulder beetle.

Vanquished Creatures
  A two-headed ogre (D:10)
  3 ugly things (D:11)
  A manticore (D:11)
  A cyclops (D:11)
  A troll (D:11)
  A wraith (D:11)
  4 yaks (D:11)
  2 wargs
  A water moccasin (D:8)
  5 orc warriors
  A black bear (D:10)
  3 sky beasts
  3 ice beasts
  9 ogres
  A phantom (D:7)
  4 centaurs
  2 big kobolds (D:11)
  5 bullfrogs
  4 scorpions
  15 killer bees
  12 wights
  3 howler monkeys
  2 bullfrog zombies (D:10)
  3 centaur zombies
  A jelly (D:11)
  3 orc priests
  4 hounds
  13 orc wizards
  A bullfrog skeleton (D:5)
  3 centaur skeletons
  Ijyb (D:5)
  2 iguanas
  11 worker ants
  A killer bee zombie (D:10)
  A hound skeleton (D:6)
  2 hound zombies (D:5)
  6 worker ant zombies
  21 adders
  8 gnolls
  A shadow imp (D:10)
  3 white imps
  3 ufetubi
  3 oozes
  An adder zombie (D:5)
  2 worms
  A dart slug (D:5)
  3 leopard geckos
  36 orcs
  6 bats
  8 giant cockroaches
  6 hobgoblins
  7 jackals
  4 quokkas
  7 ball pythons
  6 frilled lizards
  4 goblins
  19 kobolds
  A quokka skeleton (D:4)
  A quokka zombie (D:7)
  4 rats
291 creatures vanquished.

Vanquished Creatures (others)
  A wizard (D:3)
  9 plants (D:8)
10 creatures vanquished.

Grand Total: 301 creatures vanquished

Notes
Turn   | Place    | Note
-------+----------+-------------------------------------------
     0 | D:1      | Borgoz the Ghoul Gladiator began the quest for the Orb.
     0 | D:1      | Reached XP level 1. HP: 17/17 MP: 0/0
   118 | D:1      | Reached XP level 2. HP: 25/25 MP: 1/1
   314 | D:1      | Reached skill level 1 in Armour
   472 | D:1      | Reached XP level 3. HP: 28/30 MP: 2/2
  1212 | D:2      | Reached XP level 4. HP: 28/37 MP: 3/3
  2151 | D:1      | Reached XP level 5. HP: 37/44 MP: 4/4
  3041 | D:3      | Found a faded altar of an unknown god.
  3143 | D:3      | Found a sparkling altar of Nemelex Xobeh.
  3401 | D:3      | Found a bloodstained altar of Trog.
  3402 | D:3      | Noticed a wizard
  3407 | D:3      | Killed a wizard
  3571 | D:3      | Found a white marble altar of Elyvilon.
  3581 | D:3      | Found an opulent altar of Gozag.
  3604 | D:4      | Noticed an ogre
  3628 | D:4      | Reached XP level 6. HP: 49/51 MP: 5/5
  3990 | D:4      | Reached XP level 7. HP: 58/58 MP: 6/6
  4507 | D:4      | Reached skill level 5 in Long Blades
  4763 | D:5      | Entered Level 5 of the Dungeon
  4821 | D:5      | Found a shadowy altar of Dithmenos.
  4859 | D:5      | Reached XP level 8. HP: 67/67 MP: 7/7
  4862 | D:5      | Became a worshipper of Dithmenos the Shadowed
  4891 | D:5      | Found a staircase to the Ecumenical Temple.
  4905 | Temple   | Entered the Ecumenical Temple
  5121 | D:5      | Noticed Ijyb
  5133 | D:5      | Killed Ijyb
  5531 | D:5      | Reached skill level 5 in Armour
  5921 | D:6      | Reached skill level 5 in Fighting
  5995 | D:6      | Reached * piety under Dithmenos
  6155 | D:6      | Reached XP level 9. HP: 74/74 MP: 8/8
  6166 | D:6      | Reached skill level 5 in Dodging
  6899 | D:7      | Reached ** piety under Dithmenos
  7427 | D:7      | Noticed an ice statue
  7950 | D:8      | Found a staircase to the Lair.
  8004 | D:8      | Found a broken altar of Ashenzari.
  8124 | D:8      | Reached XP level 10. HP: 73/84 MP: 9/9
  8132 | D:8      | Found a radiant altar of Vehumet.
  8386 | D:8      | Found a glowing silver altar of Zin.
  8708 | D:9      | Got a scorched turquoise ring
  8709 | D:9      | Identified the ring of Peuceott {rN+ Will+ Dex+4 Stlth+}
                  | (You found it on level 9 of the Dungeon)
  8983 | D:9      | Found a burning altar of Makhleb.
  8983 | D:9      | Found a sacrificial altar of Ru.
  9155 | D:9      | Found a staircase to the Orcish Mines.
  9356 | D:10     | Entered Level 10 of the Dungeon
  9457 | D:10     | Reached *** piety under Dithmenos
  9477 | D:10     | Noticed a two-headed ogre
  9521 | D:10     | Killed a two-headed ogre
  9546 | D:10     | Got a jewelled ring mail
  9623 | D:10     | Identified the cursed +0 ring mail "Sogo" {*Contam rElec
                  | Int+7} (You found it on level 10 of the Dungeon)
  9641 | D:10     | Found a white marble altar of Elyvilon.
  9760 | D:10     | Found a transporter.
  9762 | D:10     | Found a transporter.
  9806 | D:10     | Noticed an ice statue
  9817 | D:10     | Noticed urnamphora's ghost (journeyman DsNe)
  9879 | D:10     | HP: 3/86 [orc warrior/+0 glaive (23)]
 10511 | D:11     | Noticed a cyclops
 10525 | D:11     | Killed a cyclops
 10601 | D:11     | Reached XP level 11. HP: 72/92 MP: 10/10
 10614 | D:11     | Reached **** piety under Dithmenos
 10870 | D:11     | Noticed a manticore
 10894 | D:11     | Killed a manticore
 11309 | D:11     | Noticed a green ugly thing
 11400 | D:11     | Killed a green ugly thing
 11529 | D:11     | Noticed a green ugly thing
 11546 | D:11     | Killed a green ugly thing
 11560 | D:11     | Noticed a white ugly thing
 11574 | D:11     | Killed a white ugly thing
 11775 | D:11     | Noticed a boulder beetle
 11793 | D:11     | Slain by a boulder beetle

Illustrated notes

Levels and vault maps discovered:
D:1:      shiori_arrival_elements, layout_basic
D:2:      layout_loops_ring
D:3:      layout_rooms, nemelex_xobeh_ov_fountains_minmay,
          amethyst_overflow_temple_binary,
          chequers_ecumenical_altar_simple_redux, serial_curves, eino_curves_01,
          eino_curves_04, eino_curves_04, trog_wizard
D:4:      layout_basic
D:5:      layout_loops_cross, nicolae_dithmenos_shadow_blocks,
          minmay_temple_entry_mini_moons, uniq_ijyb
D:6:      layout_basic, minmay_three_doors
D:7:      lemuel_ice_statue, layout_gridville
D:8:      layout_loops_ring, lemuel_crystal_altar,
          nicolae_overflow_hidden_temple, vehumet_altar_wand_db,
          erik_lair_orcish_takeover, introduction_to_nature_2
D:9:      layout_layer_cave, grunt_temple_overflow_open, orc_0_dummy,
          kennysheep_nub, bh_walls_and_bars
D:10:     layout_roguey, basic_altar, nzn_ghost_randoct
D:11:     minmay_spotlight, layout_irregular_city, kennysheep_doodads
Temple:   dshaligram_water_room_temple

Skill      XL: |  1  2  3  4  5  6  7  8  9 10 11 |
---------------+----------------------------------+-----
Long Blades    | 3 4 5 6 7 9 |  9.9
Armour         | 1 2 3 4 5 7 8 9 |  9.5
Dodging        | 3 4 5 6 7 |  7.6
Fighting       | 3 4 5 6 7 8 |  8.3
Throwing       | |  1.7

Action                   |  1- 3 |  4- 6 |  7- 9 | 10-12 || total
-------------------------+-------+-------+-------+-------++-------
Melee: Long sword        |    74 |    99 |     7 |    12 ||   192
       Dagger            |       |   109 |   516 |   483 ||  1108
       Scimitar          |       |       |       |   139 ||   139
Throw: Throwing net      |       |     3 |     2 |       ||     5
Evoke: Wand              |       |       |       |     6 ||     6
  Use: Scroll            |     3 |     8 |     7 |    10 ||    28
       Potion            |       |       |     8 |    10 ||    18
 Stab: Held in net/web   |       |     1 |     3 |       ||     4
       Invisible         |       |       |       |     5 ||     5
       Sleeping          |       |       |       |     3 ||     3
       Paralysed         |       |       |       |     1 ||     1
Armor: Leather armour    |    20 |    50 |       |       ||    70
       Ring mail         |       |    16 |   107 |   163 ||   286
Dodge: Dodged            |    64 |   126 |   271 |   471 ||   932
       Rpst.: Long sword |    20 |    30 |     1 |     6 ||    57
       Scimitar          |       |       |       |    42 ||    42
